TOP OF THE 1ST |
Arizona State University Sun Devils batting - Pitching for California State University at Fullerton Titans : RHP John Woods
|
Pitching: RHP John Woods
|
|
Batting: RHB Rusty Gee
|
0-0: Called Strike 0-1: Ball 1-1: Foul Ball, location: 2F 1-2: Ball 2-2: Ball 3-2: Fly out, F1 (Line Drive, P, EV 67.5 MPH)
|
Batting: RHB John Burgis
|
0-0: Ground out 6-3 (Groundball, 6, EV 85.0 MPH)
|
Batting: LHB Dustin Gill
|
0-0: Foul Ball, location: 2F 0-1: Ball 1-1: Ball 2-1: Swinging Strike 2-2: Ball 3-2: SOLO HOME RUN (Flyball, 9D, EV 97.5 MPH), Distance : 376 ft
|
Batting: LHB Randy Marquez
|
0-0: Fly out, F8 (Flyball, 8LD, EV 91.2 MPH)
|
Top of the 1st over - 1 run, 1 hit, 0 errors, 0 left on base; Arizona State University 1 - California State University at Fullerton 0 |
BOTTOM OF THE 1ST |
California State University at Fullerton Titans batting - Pitching for Arizona State University Sun Devils : RHP Josh Wolford
|
Pitching: RHP Josh Wolford
|
|
Batting: LHB Steve Lane
|
0-0: Ground out 5-3 (Groundball, 56S, EV 86.9 MPH)
|
Batting: RHB Alex Freyre
|
0-0: Foul Ball, location: 2F 0-1: Called Strike 0-2: Ground out 1-3 (Groundball, 15S, EV 65.0 MPH)
|
Batting: RHB Zach Warwick
|
0-0: Ground out 5-3 (Groundball, 5S, EV 76.9 MPH)
|
Bottom of the 1st over - 0 runs, 0 hits, 0 errors, 0 left on base; Arizona State University 1 - California State University at Fullerton 0 |
TOP OF THE 2ND |
Arizona State University Sun Devils batting - Pitching for California State University at Fullerton Titans : RHP John Woods
|
Batting: RHB Jun-hyuk Leem
|
0-0: Foul Ball, location: 2F 0-1: Foul Ball, location: 2F 0-2: Strikes out swinging
|
Batting: RHB Carl Evans
|
0-0: Foul Ball, location: 2F 0-1: Ball 1-1: Ball 2-1: Ball 3-1: Fly out, F8 (Flyball, 8LD, EV 98.8 MPH)
|
Batting: RHB David Krebs
|
0-0: Called Strike 0-1: Ball 1-1: SINGLE (Groundball, 4D, EV 95.0 MPH)
|
Batting: LHB Burraga Iukini
|
0-0: Called Strike 0-1: Swinging Strike 0-2: Strikes out swinging
|
Top of the 2nd over - 0 runs, 1 hit, 0 errors, 1 left on base; Arizona State University 1 - California State University at Fullerton 0 |
BOTTOM OF THE 2ND |
California State University at Fullerton Titans batting - Pitching for Arizona State University Sun Devils : RHP Josh Wolford
|
Batting: RHB Simon Sultzbach
|
0-0: Ball 1-0: Called Strike 1-1: Foul Ball, location: 2F 1-2: Foul Ball, location: 2F 1-2: Ball 2-2: Fly out, F8 (Line Drive, 8RD, EV 106.9 MPH)
|
Batting: RHB Joe McKinzie
|
0-0: Called Strike 0-1: Ball 1-1: Ball 2-1: Swinging Strike 2-2: SINGLE (Flyball, 9LS, EV 96.9 MPH)
|
Batting: RHB Justin Thomas
|
0-0: Ball 1-0: Swinging Strike 1-1: Called Strike 1-2: Strikes out swinging
|
Batting: LHB Kris Zimbalist
|
0-0: Ball 1-0: Ground out 3-1 (Groundball, 34, EV 105.0 MPH)
|
Bottom of the 2nd over - 0 runs, 1 hit, 0 errors, 1 left on base; Arizona State University 1 - California State University at Fullerton 0 |
TOP OF THE 3RD |
Arizona State University Sun Devils batting - Pitching for California State University at Fullerton Titans : RHP John Woods
|
Batting: LHB Timon Giorgiou
|
0-0: Foul Ball, location: 2F 0-1: Ball 1-1: Ball 2-1: Ball 3-1: Called Strike 3-2: Foul Ball, location: 2F 3-2: Base on Balls
|
Batting: RHB Rusty Gee
|
0-0: Ball Timon Giorgiou steals 2nd base (no throw) 1-0: Foul Ball, location: 2F 1-1: Swinging Strike 1-2: Strikes out swinging
|
Batting: RHB John Burgis
|
0-0: Ball 1-0: Ball 2-0: Ball 3-0: Base on Balls
|
Batting: LHB Dustin Gill
|
0-0: Swinging Strike 0-1: Ball 1-1: Foul Ball, location: 2F 1-2: Foul Ball, location: 2F 1-2: Strikes out looking
|
Batting: LHB Randy Marquez
|
0-0: Called Strike 0-1: Ground out U3 (Groundball, 34S, EV 76.9 MPH)
|
Top of the 3rd over - 0 runs, 0 hits, 0 errors, 2 left on base; Arizona State University 1 - California State University at Fullerton 0 |
BOTTOM OF THE 3RD |
California State University at Fullerton Titans batting - Pitching for Arizona State University Sun Devils : RHP Josh Wolford
|
Batting: RHB Jeremy Evans
|
0-0: Foul Ball, location: 2F 0-1: SOLO HOME RUN (Flyball, 7LD, EV 93.1 MPH), Distance : 337 ft
|
Batting: RHB Sergio Cervantes
|
0-0: Called Strike 0-1: Ball 1-1: Called Strike 1-2: Ball 2-2: Ball 3-2: Foul Ball, location: 2F 3-2: Foul Ball, location: 2F 3-2: Foul Ball, location: 2F 3-2: Strikes out swinging
|
Batting: LHB Steve Lane
|
0-0: Ball 1-0: Ball 2-0: Foul Ball, location: 2F 2-1: Ball 3-1: Foul Ball, location: 2F 3-2: DOUBLE (Line Drive, 89D, EV 105.0 MPH)
|
Batting: RHB Alex Freyre
|
0-0: Called Strike 0-1: Foul Ball, location: 2F 0-2: Ball 1-2: Ball 2-2: Strikes out swinging
|
Batting: RHB Zach Warwick
|
0-0: Fly out, F3 (Line Drive, 34, EV 74.4 MPH)
|
Bottom of the 3rd over - 1 run, 2 hits, 0 errors, 1 left on base; Arizona State University 1 - California State University at Fullerton 1 |
TOP OF THE 4TH |
Arizona State University Sun Devils batting - Pitching for California State University at Fullerton Titans : RHP John Woods
|
Batting: RHB Jun-hyuk Leem
|
0-0: Called Strike 0-1: Foul Ball, location: 2F 0-2: Ball 1-2: Strikes out looking
|
Batting: RHB Carl Evans
|
0-0: Called Strike 0-1: Foul Ball, location: 2F 0-2: Ball 1-2: Reached on error, E1 (Groundball, 15S, EV 60.6 MPH)
|
Batting: RHB David Krebs
|
0-0: Ball 1-0: Called Strike 1-1: Ball Carl Evans steals 2nd base 2-1: Ground out 6-3 (Groundball, 6, EV 88.1 MPH)
|
Batting: LHB Burraga Iukini
|
0-0: Called Strike 0-1: Ball 1-1: Foul Ball, location: 2F 1-2: Ball 2-2: Strikes out looking
|
Top of the 4th over - 0 runs, 0 hits, 1 error, 1 left on base; Arizona State University 1 - California State University at Fullerton 1 |
BOTTOM OF THE 4TH |
California State University at Fullerton Titans batting - Pitching for Arizona State University Sun Devils : RHP Josh Wolford
|
Batting: RHB Simon Sultzbach
|
0-0: Ball 1-0: Swinging Strike 1-1: Foul Ball, location: 2F 1-2: Ball 2-2: Fly out, F7 (Flyball, 7, EV 96.2 MPH)
|
Batting: RHB Joe McKinzie
|
0-0: Ball 1-0: Foul Ball, location: 2F 1-1: Foul Ball, location: 2F 1-2: Ground out U3 (Groundball, 13, EV 86.9 MPH)
|
Batting: RHB Justin Thomas
|
0-0: Foul Ball, location: 2F 0-1: Ball 1-1: Foul Ball, location: 2F 1-2: Ball 2-2: Strikes out swinging
|
Bottom of the 4th over - 0 runs, 0 hits, 0 errors, 0 left on base; Arizona State University 1 - California State University at Fullerton 1 |
TOP OF THE 5TH |
Arizona State University Sun Devils batting - Pitching for California State University at Fullerton Titans : RHP John Woods
|
Batting: LHB Timon Giorgiou
|
0-0: Called Strike 0-1: Ball 1-1: Ball 2-1: Ball 3-1: Foul Ball, location: 2F 3-2: Strikes out swinging
|
Pitching: RHP Adhamhnan Muljana
|
|
Batting: RHB Rusty Gee
|
0-0: Foul Ball, location: 2F 0-1: Foul Ball, location: 2F 0-2: Ball 1-2: Ball 2-2: Foul Ball, location: 2F 2-2: DOUBLE (Line Drive, 78XD, EV 106.9 MPH)
|
Batting: RHB John Burgis
|
0-0: Ball 1-0: Called Strike 1-1: Swinging Strike 1-2: Strikes out swinging
|
Batting: LHB Dustin Gill
|
0-0: Swinging Strike 0-1: Ball 1-1: Foul Ball, location: 2F 1-2: Foul Ball, location: 2F 1-2: Fly out, F8 (Flyball, 78M, EV 88.8 MPH)
|
Top of the 5th over - 0 runs, 1 hit, 0 errors, 1 left on base; Arizona State University 1 - California State University at Fullerton 1 |
BOTTOM OF THE 5TH |
California State University at Fullerton Titans batting - Pitching for Arizona State University Sun Devils : RHP Josh Wolford
|
Batting: LHB Kris Zimbalist
|
0-0: Ball 1-0: Ball 2-0: Ball 3-0: Called Strike 3-1: Foul Ball, location: 2F 3-2: Base on Balls
|
Batting: RHB Jeremy Evans
|
0-0: Called Strike 0-1: Ball Kris Zimbalist steals 2nd base 1-1: Called Strike 1-2: Ball 2-2: Foul Ball, location: 2F 2-2: Ball 3-2: Fly out, F9 (Flyball, 9LSF, EV 90.0 MPH)
|
Batting: RHB Sergio Cervantes
|
0-0: Ball 1-0: Ball 2-0: Called Strike 2-1: Fly out, F8 (Flyball, 8LD, EV 91.2 MPH)
|
Pitching: RHP Andrew Frugoli
|
|
Batting: LHB Steve Lane
|
0-0: Called Strike 0-1: Ball 1-1: Foul Ball, location: 2F 1-2: Ball 2-2: Foul Ball, location: 2F 2-2: Ball 3-2: Fly out, F8 (Flyball, 8LD, EV 88.8 MPH)
|
Bottom of the 5th over - 0 runs, 0 hits, 0 errors, 1 left on base; Arizona State University 1 - California State University at Fullerton 1 |
TOP OF THE 6TH |
Arizona State University Sun Devils batting - Pitching for California State University at Fullerton Titans : RHP Adhamhnan Muljana
|
Batting: LHB Randy Marquez
|
0-0: Ball 1-0: Foul Ball, location: 2F 1-1: Ball 2-1: Reached on error, E6 (Groundball, 6, EV 80.0 MPH)
|
Batting: RHB Jun-hyuk Leem
|
0-0: Called Strike 0-1: Foul Ball, location: 2F 0-2: Ball 1-2: Ball 2-2: Ground out 6-3 (Groundball, 6, EV 88.1 MPH)
|
Batting: RHB Carl Evans
|
0-0: Ground out 3-1 (Groundball, 34, EV 86.2 MPH) Randy Marquez to third
|
Batting: RHB David Krebs
|
0-0: Swinging Strike 0-1: Ball 1-1: Foul Ball, location: 2F 1-2: Ball 2-2: Ball 3-2: Foul Ball, location: 2F 3-2: Base on Balls
|
Batting: LHB Burraga Iukini
|
0-0: Foul Ball, location: 2F 0-1: Called Strike David Krebs is caught stealing 2nd base 2-6
|
Top of the 6th over - 0 runs, 0 hits, 1 error, 1 left on base; Arizona State University 1 - California State University at Fullerton 1 |
BOTTOM OF THE 6TH |
California State University at Fullerton Titans batting - Pitching for Arizona State University Sun Devils : RHP Andrew Frugoli
|
Batting: RHB Alex Freyre
|
0-0: Ball 1-0: Ball 2-0: Ball 3-0: Base on Balls
|
Batting: RHB Zach Warwick
|
0-0: Called Strike 0-1: Ground out 6-3 (Groundball, 6MD, EV 100.6 MPH) Alex Freyre to second
|
Batting: LHB John Blumberg
|
0-0: Ball 1-0: Foul Ball, location: 2F 1-1: Called Strike 1-2: Ball 2-2: Strikes out swinging, 2-3 out at first.
|
Batting: RHB Joe McKinzie
|
0-0: Swinging Strike 0-1: Ball 1-1: Ball 2-1: Ball 3-1: SINGLE (Line Drive, 56D, EV 104.4 MPH) Alex Freyre to third
|
Batting: RHB Justin Thomas
|
0-0: Ball 1-0: Ball 2-0: Foul Ball, location: 2F 2-1: Foul Ball, location: 2F 2-2: Ball 3-2: Ground out 4-3 (Groundball, 4, EV 87.5 MPH)
|
Bottom of the 6th over - 0 runs, 1 hit, 0 errors, 2 left on base; Arizona State University 1 - California State University at Fullerton 1 |
TOP OF THE 7TH |
Arizona State University Sun Devils batting - Pitching for California State University at Fullerton Titans : RHP Adhamhnan Muljana
|
Pitching: RHP Jordan Vasquez
|
|
Batting: LHB Burraga Iukini
|
0-0: Ball 1-0: Swinging Strike 1-1: Foul Ball, location: 2F 1-2: Ball 2-2: Foul Ball, location: 2F 2-2: Ball 3-2: Fly out, F8 (Line Drive, 8RD, EV 88.1 MPH)
|
Batting: LHB Timon Giorgiou
|
0-0: Called Strike 0-1: Fly out, F8 (Flyball, 8RD, EV 91.2 MPH)
|
Batting: RHB Rusty Gee
|
0-0: Ball 1-0: Ball 2-0: Ball 3-0: Base on Balls
|
Batting: RHB John Burgis
|
0-0: Ground out 4-3 (Groundball, 4, EV 96.9 MPH)
|
Top of the 7th over - 0 runs, 0 hits, 0 errors, 1 left on base; Arizona State University 1 - California State University at Fullerton 1 |
BOTTOM OF THE 7TH |
California State University at Fullerton Titans batting - Pitching for Arizona State University Sun Devils : RHP Andrew Frugoli
|
Pitching: RHP Jon Allen
|
|
Batting: LHB Kris Zimbalist
|
0-0: Ball 1-0: Ball 2-0: Ball 3-0: Called Strike 3-1: Foul Ball, location: 2F 3-2: Strikes out swinging
|
Batting: RHB Jeremy Evans
|
0-0: Called Strike 0-1: Ball 1-1: Swinging Strike 1-2: Foul Ball, location: 2F 1-2: Ball 2-2: Ball 3-2: Ground out 5-3 (Groundball, 56, EV 87.5 MPH)
|
Batting: RHB Sergio Cervantes
|
0-0: Swinging Strike 0-1: Ball 1-1: Foul Ball, location: 2F 1-2: Strikes out swinging
|
Bottom of the 7th over - 0 runs, 0 hits, 0 errors, 0 left on base; Arizona State University 1 - California State University at Fullerton 1 |
TOP OF THE 8TH |
Arizona State University Sun Devils batting - Pitching for California State University at Fullerton Titans : RHP Jordan Vasquez
|
Batting: LHB Dustin Gill
|
0-0: Ball 1-0: Foul Ball, location: 2F 1-1: Ball 2-1: Called Strike 2-2: Foul Ball, location: 2F 2-2: Ball 3-2: Fly out, F8 (Flyball, 8RXD, EV 100.0 MPH)
|
Batting: LHB Randy Marquez
|
0-0: Called Strike 0-1: Swinging Strike 0-2: Strikes out swinging
|
Batting: RHB Jun-hyuk Leem
|
0-0: Ball 1-0: Foul Ball, location: 2F 1-1: Ball 2-1: Ball 3-1: Ground out U3 (Groundball, 3L, EV 85.6 MPH)
|
Top of the 8th over - 0 runs, 0 hits, 0 errors, 0 left on base; Arizona State University 1 - California State University at Fullerton 1 |
BOTTOM OF THE 8TH |
California State University at Fullerton Titans batting - Pitching for Arizona State University Sun Devils : RHP Jon Allen
|
Batting: LHB Steve Lane
|
0-0: Ball 1-0: Foul Ball, location: 2F 1-1: Ball 2-1: Called Strike 2-2: Ball 3-2: Reached on error, E6 (Groundball, 6M, EV 85.6 MPH)
|
Batting: RHB Alex Freyre
|
0-0: Sac Bunt to 15S - play at first, batter OUT! 1-3 Steve Lane to second
|
Batting: RHB Zach Warwick
|
0-0: Ball 1-0: Ball 2-0: Called Strike 2-1: Called Strike 2-2: SINGLE (Line Drive, 8LS, EV 107.5 MPH) Steve Lane to third
|
Batting: LHB John Blumberg
|
0-0: Ball 1-0: Called Strike 1-1: Swinging Strike 1-2: Reached on error, E3 (Groundball, 3, EV 100.6 MPH) Steve Lane scores Zach Warwick to second
|
Batting: RHB Joe McKinzie
|
0-0: Foul Ball, location: 2F 0-1: Ball 1-1: Ball 2-1: 3-RUN HOME RUN (Line Drive, 9LD, EV 93.8 MPH), Distance : 345 ft
|
Pitching: RHP Joe Ledrew
|
|
Batting: RHB Justin Thomas
|
0-0: Ball 1-0: Foul Ball, location: 2F 1-1: Ball 2-1: Foul Ball, location: 2F 2-2: Ball 3-2: Foul Ball, location: 2F 3-2: Ground out 6-3 (Groundball, 6M, EV 85.6 MPH)
|
Batting: LHB Kris Zimbalist
|
0-0: Called Strike 0-1: Swinging Strike 0-2: Strikes out swinging
|
Bottom of the 8th over - 4 runs, 2 hits, 2 errors, 0 left on base; Arizona State University 1 - California State University at Fullerton 5 |
TOP OF THE 9TH |
Arizona State University Sun Devils batting - Pitching for California State University at Fullerton Titans : RHP Jordan Vasquez
|
Pitching: RHP Jaime Zapata
|
|
Batting: RHB Carl Evans
|
0-0: Ball 1-0: Ball 2-0: Foul Ball, location: 2F 2-1: Foul Ball, location: 2F 2-2: Ball 3-2: Strikes out swinging
|
Batting: RHB David Krebs
|
0-0: Ball 1-0: Swinging Strike 1-1: Ball 2-1: Fly out, F9 (Flyball, 9S, EV 93.1 MPH)
|
Batting: LHB Burraga Iukini
|
0-0: Ground out 6-3 (Groundball, 6, EV 80.6 MPH)
|
Top of the 9th over - 0 runs, 0 hits, 0 errors, 0 left on base; Arizona State University 1 - California State University at Fullerton 5 |
|